 Dungeon Crawl Stone Soup version 0.26-a0-639-g72c4674329 (webtiles) character file.

Game seed: 13300952269262652142

2088 seulpeum the Chopper (level 9, -7/69 HPs)
             Began as a Mummy Fighter on Sept 18, 2020.
             Was a Believer of Makhleb.
             Killed by divine providence
             ... invoked by an orc priest
             ... summoned by a boggart
              (12 damage)
             ... on level 7 of the Dungeon.
             The game lasted 00:16:48 (7475 turns).

seulpeum the Chopper (Mummy Fighter)                Turns: 7475, Time: 00:16:48

Health: -7/69      AC: 16    Str: 22    XL:     9   Next: 6%
Magic:  9/9        EV:  7    Int:  7    God:    Makhleb [**....]
Gold:   449        SH:  9    Dex: 12    Spells: 8/8 levels left

rFire    + . .     SeeInvis .   a - +1 war axe
rCold    . . .     Faith    .   c - +0 kite shield
rNeg     + + +     Spirit   .   g - +0 fire dragon scales
rPois    ∞         Reflect  .   h - +0 helmet
rElec    .         Harm     .   p - +0 cloak (curse)
rCorr    .         Rampage  .   n - +0 pair of gloves
MR       +....                  v - +2 pair of boots
Stlth    ..........             (no amulet)
HPRegen  0.21/turn              l - +4 ring of slaying
MPRegen  0.11/turn              (no ring)

@: about to teleport
A: no potions, fire vulnerability, cold resistance 1, negative energy resistance
3, torment resistance, unbreathing
a: Minor Destruction, Renounce Religion


You were on level 7 of the Dungeon.
You worshipped Makhleb.
Makhleb was pleased with you.
You visited 1 branch of the dungeon, and saw 7 of its levels.
You also visited: Bailey.

You collected 494 gold pieces.
You spent 45 gold pieces at shops.

Inventory:

Hand Weapons
 a - a +1 war axe (weapon)
 b - a +2 whip of venom
Missiles
 j - 10 javelins
 m - 5 boomerangs (quivered)
Armour
 c - a +0 kite shield (worn)
 g - +0 fire dragon scales (worn)
 h - a +0 helmet (worn)
 n - a +0 pair of gloves (worn)
 p - a cursed +0 cloak (worn)
 v - a +2 pair of boots (worn)
Jewellery
 l - a +4 ring of slaying (left hand)
Wands
 t - a wand of paralysis (7)
Scrolls
 d - 2 scrolls of identify
 e - 5 scrolls of teleportation
 f - 3 scrolls of remove curse
 i - a scroll of fear
 k - a scroll of amnesia
 o - 2 scrolls of fog
 s - a scroll of blinking
 w - a scroll of immolation {unknown}


   Skills:
 + Level 5.8 Fighting
 + Level 7.7 Axes
 - Level 1.5 Throwing
 + Level 5.0 Armour
 - Level 2.8 Shields


You had 8 spell levels left.
You didn't know any spells.
Your spell library contained the following spells:

 Spells                   Type           Power        Failure   Level
 Foxfire                  Conj/Fire      #...         100%        1
 Sandblast                Erth           #.....       100%        1
 Passwall                 Tmut/Erth      #.......     100%        2
 Conjure Flame            Conj/Fire      #.......     100%        3
 Inner Flame              Hex/Fire       #.......     100%        3
 Stone Arrow              Conj/Erth      #.....       100%        3
 Petrify                  Tmut/Erth      #.......     100%        4
 Sticky Flame             Conj/Fire      #.......     100%        4
 Fireball                 Conj/Fire      #.........   100%        5
 Lee's Rapid Deconstruct  Erth           #.........   100%        5


Dungeon Overview and Level Annotations

Branches:
Dungeon (7/15)             Temple (0/1) D:6          Bailey (visited)

Altars:
Gozag
Hepliaklqana
Makhleb
Nemelex Xobeh
Okawaru
Ru
Sif Muna
Trog
Uskayaw
Vehumet
Yredelemnul

Shops:
D:4 [   D:6 [


Innate Abilities, Weirdness & Mutations

You do not drink.
Your flesh is vulnerable to fire.
You are immune to poison.
Your flesh is cold resistant. (rC+)
You are immune to negative energy. (rN+++)
You are immune to unholy pain and torment.
You can survive without breathing.


Message History

Beogh smites you!
* * * LOW HITPOINT WARNING * * *
The orc wizard closely misses you. You block the orc priest's attack.
You can't drink.
Unknown command.
As you read the scroll of teleportation, it crumbles to dust.
You feel strangely unstable. Something hits you but does no damage.
You block the goblin's attack. The orc wizard closely misses you.
You block the orc priest's attack.
You hear some strange, mumbled words.
Unknown command.
The orc priest calls down the wrath of Beogh upon you.
Beogh smites you!
* * * LOW HITPOINT WARNING * * *
The goblin hits you but does no damage.
The orc priest hits you but does no damage.
The orc wizard closely misses you.
The orc priest calls down the wrath of Beogh upon you.
Beogh smites you!
You die...

###########
##.........#
#..≈≈≈{≈≈≈.#
#..≈##o##≈.#
#..≈#go.#≈,**
###..≈#o@.#≈,,* ***###
#....≈#o.o#≈,,*
,,...####.##.≈#####≈,,*
***#.........≈≈≈≈≈≈≈,,*
####.####...........,,*
#.............##..##,,*
#.##.####..###......,**
#.##.......# *.##.#.**
..........## *..,,#,*


You could see 3 orc priests, an orc wizard (summoned), an orc (summoned) and a
goblin.

Vanquished Creatures
  A hornet (D:7)
  An ice beast (Bailey)
  2 orc warriors (Bailey)
  An ogre (D:4)
  3 bullfrogs
  2 scorpions (D:5)
  5 wights (D:7)
  2 howler monkeys
  A crimson imp (D:3)
  2 bullfrog skeletons
  A bullfrog zombie (D:6)
  A jelly (D:5)
  2 orc priests (D:3)
  4 hounds
  2 orc wizards
  2 iguanas
  6 worker ants
  2 hound skeletons (D:4)
  Robin (D:4)
  2 howler monkey skeletons
  11 adders
  A shadow imp (D:5)
  2 white imps
  An ufetubus (D:5)
  3 oozes
  6 worms
  A dart slug (D:2)
  4 leopard geckos
  16 orcs
  7 bats
  6 giant cockroaches
  20 goblins
  10 hobgoblins
  4 jackals
  2 quokkas
  3 ball pythons
  7 frilled lizards
  8 kobolds
  A quokka skeleton (D:5)
  A quokka zombie (D:5)
  9 rats
166 creatures vanquished.

Vanquished Creatures (others)
  A plant (D:1)
1 creature vanquished.

Grand Total: 167 creatures vanquished

Notes
Turn   | Place    | Note
-------+----------+-------------------------------------------
     0 | D:1      | seulpeum the Mummy Fighter began the quest for the Orb.
     0 | D:1      | Reached XP level 1. HP: 18/18 MP: 1/1
     6 | D:1      | Noticed a black bear
     6 | D:1      | Noticed a redback
     6 | D:1      | Noticed a wolf
     6 | D:1      | Noticed a rime drake
   180 | D:1      | Reached XP level 2. HP: 21/24 MP: 2/2
   952 | D:2      | Reached skill level 2 in Axes
   955 | D:2      | Reached XP level 3. HP: 27/29 MP: 3/3
  1158 | D:2      | Found a bloodstained altar of Trog.
  1158 | D:2      | Found a sparkling altar of Nemelex Xobeh.
  1163 | D:2      | Found a faded altar of an unknown god.
  1165 | D:2      | Found a faded altar of an unknown god.
  1166 | D:2      | Found a radiant altar of Vehumet.
  1546 | D:2      | Reached XP level 4. HP: 35/35 MP: 4/4
  1883 | D:3      | Found a hazy altar of Hepliaklqana.
  1894 | D:3      | Found a hide-covered altar of Uskayaw.
  1904 | D:3      | Found a shimmering blue altar of Sif Muna.
  2081 | D:3      | Reached skill level 3 in Axes
  2087 | D:3      | Reached XP level 5. HP: 15/42 MP: 5/5
  3204 | D:3      | Found a burning altar of Makhleb.
  3215 | D:3      | Became a worshipper of Makhleb the Destroyer
  3390 | D:3      | Found a basalt altar of Yredelemnul.
  3415 | D:4      | Reached skill level 4 in Axes
  3439 | D:4      | Reached XP level 6. HP: 41/48 MP: 6/6
  3572 | D:4      | Found a sacrificial altar of Ru.
  3833 | D:4      | Reached XP level 7. HP: 49/55 MP: 7/7
  3883 | D:4      | Reached skill level 5 in Axes
  3888 | D:4      | Noticed Robin
  3930 | D:4      | Reached * piety under Makhleb
  3939 | D:4      | Killed Robin
  4520 | D:4      | Found Vaijos's Armour Shop.
  4523 | D:4      | Bought a +0 pair of gloves for 45 gold pieces
  4650 | D:5      | Entered Level 5 of the Dungeon
  4651 | D:5      | Found an opulent altar of Gozag.
  4952 | D:5      | Reached skill level 6 in Axes
  5108 | D:5      | Reached ** piety under Makhleb
  5501 | D:6      | Reached XP level 8. HP: 46/61 MP: 8/8
  5506 | D:6      | Reached skill level 5 in Fighting
  5581 | D:6      | Reached skill level 1 in Throwing
  5666 | D:6      | Found a staircase to the Ecumenical Temple.
  5669 | D:6      | Found Zovogucacirr's Armour Shoppe.
  5707 | D:6      | Found an iron altar of Okawaru.
  6622 | D:7      | Noticed a hornet
  6631 | D:7      | Killed a hornet
  6631 | D:7      | Reached skill level 7 in Axes
  6709 | D:7      | Found a flagged portal.
  6717 | Bailey   | Entered a bailey
  7299 | Bailey   | Reached XP level 9. HP: 66/69 MP: 9/9
  7330 | Bailey   | Reached skill level 5 in Armour
  7475 | D:7      | Killed from afar by an orc priest

Illustrated notes

Levels and vault maps discovered:
D:1:      onia_arrival_zoo_common, layout_loops_corners, serial_bayou_lake_a
D:2:      minmay_evil_eye, layout_loops_ring,
          chequers_temple_overflow_minitemple
D:3:      minmay_chambers_of_threes, layout_basic,
          nicolae_overflow_quartered_altars, makhleb_grotto_becter
D:4:      layout_loops_cross, serial_shops, shop, kennysheep_cross_room,
          nicolae_ru_great_annihilating_truth, uniq_robin
D:5:      layout_cave_pods, nicolae_gozag_cash_rules_everything_around_me
D:6:      layout_layer_cave, okawaru_gym_becter, temple_statues, serial_shops,
          shop_statue, minmay_fountain_box, serial_bayou_pond_d
D:7:      layout_loops_cross, enter_bailey_3

Skill      XL: |  1  2  3  4  5  6  7  8  9 |
---------------+----------------------------+-----
Axes           | 2 3 4 6 7 |  7.7
Armour         | 3 4 5 |  5.0
Fighting       | 4 5 |  5.8
Throwing       | 1 |  1.5
Shields        | |  2.8

Action                   |  1- 3 |  4- 6 |  7- 9 || total
-------------------------+-------+-------+-------++-------
Melee: War axe           |    94 |   203 |   228 ||   525
Throw: Boomerang         |       |       |    51 ||    51
Evoke: Wand              |       |       |    24 ||    24
  Use: Scroll            |       |       |    12 ||    12
 Stab: Paralysed         |       |     1 |       ||     1
Armor: Scale mail        |    23 |       |       ||    23
       Fire dragon scale |    32 |    79 |   157 ||   268
Dodge: Dodged            |    31 |    45 |    99 ||   175
Block: Kite shield       |    49 |    87 |   121 ||   257

Table legend: (Time is in decaauts)
 A = Elapsed time spent in this place.
 B = Non-inter-level travel time spent in this place.
 C = Inter-level travel time spent in this place.
 D = Time resting spent in this place.
 E = Time spent auto-exploring this place.
 F = Levels seen in this place.
 G = Mean time per level.
                   A        B        C        D        E       F      G
               +--------+--------+--------+--------+--------+-----+--------+
         Total |   7717 |   7500 |    217 |   1142 |   4858 |   8 |  964.6 |
       Dungeon |   6957 |   6740 |    217 |    631 |   4858 |   7 |  993.9 |
        Bailey |    760 |    760 |      0 |    511 |      0 |   1 |  760.0 |
               +--------+--------+--------+--------+--------+-----+--------+

Top non-repeatable levels by time:
     D:3: 1583 daAuts
     D:4: 1293 daAuts
     D:1: 997 daAuts
     D:2: 957 daAuts
     D:6: 940 daAuts
     D:5: 858 daAuts
  Bailey: 760 daAuts
     D:7: 325 daAuts
